Cogmind - Beta 12 @@@ ROGUE MODE // 2023.03.04 @ 17:09:14 Player: ILikeMonsters1890 Result: Destroyed by D-53 Grenadier with Mini Grenade Launcher Performance ------------- Evolutions (0) 0 Regions Visited (2) 400 Robots Destroyed (22) 110 Value Destroyed (167) 167 Prototype IDs (3) 60 Alien Tech Used (0) 0 Bonus (0) 0 TOTAL SCORE: 737 Bonus ------- None Cogmind --------- Core Integrity 0/250 Matter 235/300 Energy 50/125 System Corruption 0% Temperature Cool (0) Movement Rolling (80) Location -10/Mines Parts ------- > --- POWER (1) -------- Light Ion Engine > --- PROPULSION (2) --- Wheel Wheel > --- UTILITY (2) ------ Medium Storage Unit Seismic Detector > --- WEAPON (2) ------- Mace Mace > --- INVENTORY (10) --- Large Storage Unit Sensor Array Signal Interpreter Medium Armor Plating Light Assault Rifle Grenade Launcher Mace Peak State ------------ > --- POWER ------------ Light Ion Engine > --- PROPULSION ------- Wheel Wheel > --- UTILITY ---------- Small Storage Unit Seismic Detector > --- WEAPON ----------- Mace Mace > --- INVENTORY -------- Ion Engine Light Ion Engine Wheel Wheel Medium Armor Plating Light Assault Rifle Light Assault Rifle Mace [Rating: 10] Favorites ----------- Power Light Ion Engine Engine Light Ion Engine Propulsion Wheel Leg Aluminum Leg Wheel Wheel Utility Seismic Detector Device Seismic Detector Storage Small Storage Unit Protection Utility Shielding Weapon Mace Energy Gun Medium Laser Ballistic Gun Light Assault Rifle Launcher Grenade Launcher Impact Weapon Mace Build | -11 -10 -10 ------- Run | Jun Mat Min Slots Evolved . | . . . Power . | . . . Propulsion . | . . . Utility . | . . . Weapon . | . . . Parts Attached 20 | 4 11 5 Power 4 | . 3 1 Engine 4 | . 3 1 Core . | . . . Reactor . | . . . Propulsion 5 | 3 . 2 Treads . | . . . Leg . | . . . Wheel 5 | 3 . 2 Hover . | . . . Flight . | . . . Utility 5 | 1 4 . Device 2 | 1 1 . Storage 2 | . 2 . Processor . | . . . Hackware . | . . . Protection 1 | . 1 . Artifact . | . . . Weapon 6 | . 4 2 Energy Gun . | . . . Energy Cannon . | . . . Ballistic Gun . | . . . Ballistic Cannon . | . . . Launcher 2 | . 1 1 Special Weapon . | . . . Impact Weapon 4 | . 3 1 Slashing Weapon . | . . . Piercing Weapon . | . . . Special Melee Weapon . | . . . Unidentified Prototypes . | . . . Parts Lost 3 | . . 3 Power 1 | . . 1 Propulsion 2 | . . 2 Utility . | . . . Weapon . | . . . Highest Loss Streak 3 | . . 3 To Critical Strikes . | . . . Average Slot Usage (%) 97 | . 98 85 Engine 12 | . 12 7 Wheel 27 | . 28 21 Device 13 | . 13 14 Storage 14 | . 14 14 Impact Weapon 27 | . 27 21 Naked Turns . | . . . Heaviest Build 30 | 12 30 20 Greatest Support 26 | 26 20 20 Greatest Overweight (x) 1 | . 1 . Average Overweight (x) . | . . . Largest Inventory Capacity 15 | 8 15 10 Average Capacity 8 | 8 8 10 Most Carried 12 | 6 12 10 Average Carried 7 | 2 8 9 Final Capacity 10 | 8 10 10 Final Carried 10 | 5 10 7 Class Distribution -------------------- 100% | Mutant Dominant Class ---------------- Mutant | -10/Materials Mutant | -10/Mines Resources | -11 -10 -10 ----------- Run | Jun Mat Min Matter Collected 370 | 250 120 . Remotely . | . . . Salvage Created 510 | 107 385 18 Parts 20 | 9 11 . Haulers Intercepted 2 | . 2 . Recyclers Shooed 2 | 2 . . Parts Field Recycled . | . . . Retrieved Matter . | . . . Parts Self-Destructed . | . . . Prevented . | . . . Kills | -11 -10 -10 ------- Run | Jun Mat Min Combat Hostiles Destroyed 15 | . 9 6 Melee 2 | . 2 . AOE 9 | . 3 6 Classes Destroyed 8 | 2 5 1 Worker 3 | . 3 . Builder 1 | . 1 . Tunneler 3 | 3 . . Hauler 2 | . 2 . Recycler 2 | 1 1 . Watcher 2 | . 2 . Swarmer 9 | . 9 . Assembled 6 | . . 6 Best Kill Streak 8 | 4 8 6 Combat Bots Only 6 | . 3 6 Max Kills in Single Turn 3 | 1 2 3 Gunslinging . | . . . Exploded 3 | . 2 3 Melee 1 | . 1 . Uniques/NPCs Destroyed . | . . . Combat | -11 -10 -10 -------- Run | Jun Mat Min Damage Taken 623 | . 327 296 Core 258 | . 110 148 Absorbed by Shields . | . . . Regen/Repaired (Parts) 26 | . 26 . Core Remaining (%) 100 | 100 . . Volleys Fired 14 | 10 2 2 Largest 2 | 2 1 1 Hottest 70 | 70 30 30 Shots Fired 24 | 20 2 2 Gun 20 | 20 . . Cannon . | . . . Launcher 4 | . 2 2 Special . | . . . Kinetic 10 | 10 . . Thermal 10 | 10 . . Explosive 4 | . 2 2 Electromagnetic . | . . . Robot Hit Streak 7 | 7 5 7 Robot Miss Streak 2 | 2 . . Penetration Max . | . . . Secondary Targets . | . . . Shots Hit Robots 47 | 12 33 2 Core Hits 21 | 6 5 10 Critical Kills 1 | . 1 . Critical Parts Destroyed 3 | . 3 . Critical Strikes 5 | 1 4 . Burn 1 | 1 . . Smash 4 | . 4 . Melee Attacks 49 | . 49 . Impact 49 | . 49 . Slashing . | . . . Piercing . | . . . Sneak Attacks 8 | . 8 . Combat Hostiles . | . . . Follow-up Attacks 4 | . 4 . Damage Inflicted 1921 | 123 1494 304 Guns 123 | 123 . . Cannons . | . . . Explosions 525 | . 221 304 Melee 1273 | . 1273 . Ramming . | . . . Kinetic 49 | 49 . . Thermal 74 | 74 . . Explosive 525 | . 221 304 Electromagnetic . | . . . Impact 1273 | . 1273 . Slashing . | . . . Piercing . | . . . Highest Corruption . | . . . Average Corruption . | . . . Corruption Purged . | . . . Corruption Blocked . | . . . Overload Shots . | . . . Overflow Damage 432 | . 432 . Projectiles . | . . . Explosions . | . . . Melee 432 | . 432 . Knockbacks 2 | . 2 . Impact 2 | . 2 . Kinetic . | . . . Secondary . | . . . Self-Inflicted Damage 102 | . 30 72 Shots 4 | . 2 2 Rammed . | . . . Targets Rammed . | . . . Kicked . | . . . Crushed . | . . . Highest Temperature 60 | 60 . . Average Temperature 25 | 25 . . Received Heat Transfer . | . . . Siege Activations . | . . . Robots Corrupted . | . . . Combat Hostiles . | . . . Parts Fried 10 | . 10 . Impact Corruptions 18 | . 18 . Robots Melted . | . . . Combat Hostiles . | . . . Parts Melted 1 | 1 . . Heat Transferred 296 | 296 . . Parts Sabotaged . | . . . Parts Stolen . | . . . Parts Stripped . | . . . Power Chain Reactions . | . . . Missiles Intercepted . | . . . Alert | -11 -10 -10 ------- Run | Jun Mat Min Peak Influence 341 | 20 341 79 Initial 64 | . 13 64 Average 124 | 6 142 64 Maximum Alert Level 1 | . 1 . Low Security (%) 83 | 100 80 100 Level 1 16 | . 19 . Level 2 . | . . . Level 3 . | . . . Level 4 . | . . . Level 5 . | . . . High Security . | . . . Max Security . | . . . Squads Dispatched . | . . . Investigation . | . . . Extermination . | . . . Reinforcement . | . . . Assault . | . . . Garrison . | . . . Intercept . | . . . Searches Triggered . | . . . Construction Impeded . | . . . Haulers Reinforced . | . . . Active Scanning Responses . | . . . Cargo Convoy Interrupts . | . . . Stealth | -11 -10 -10 --------- Run | Jun Mat Min Distress Signals 1 | . 1 . Communications Jammed . | . . . Distress Signals . | . . . Times Spotted 25 | . 13 12 Peak Tracking Total 12 | . 4 12 Tactical Retreats . | . . . Traps | -11 -10 -10 ------- Run | Jun Mat Min Traps Triggered 1 | . 1 . Indirectly . | . . . Trap Hack Attempts . | . . . Triggered . | . . . Disarmed . | . . . Reprogrammed . | . . . Reused . | . . . Traps Extracted . | . . . Installed . | . . . Triggered . | . . . Machines | -11 -10 -10 ---------- Run | Jun Mat Min Machines Disabled . | . . . Max in Single Turn . | . . . Machines Repaired . | . . . Machines Sabotaged . | . . . Overloaded Fab Kills . | . . . Hacking | -11 -10 -10 --------- Run | Jun Mat Min Machines Accessed 8 | . 8 . Terminals 5 | . 5 . Fabricators . | . . . Repair Stations 1 | . 1 . Recycling Units 2 | . 2 . Scanalyzers . | . . . Garrison Access . | . . . Total Hacks 25 | . 25 . Successful 17 | . 17 . Failed 8 | . 8 . Catastrophic 3 | . 3 . Database Lockouts . | . . . Manual 9 | . 9 . Terminals 14 | . 14 . Fabricators . | . . . Repair Stations 3 | . 3 . Recycling Units 8 | . 8 . Scanalyzers . | . . . Garrison Access . | . . . Terminal Hacks 8 | . 8 . Prototype ID Bank 2 | . 2 . Branch Access Points 1 | . 1 . Emergency Access Points 1 | . 1 . Locate Traps 1 | . 1 . Hauler Manifests 1 | . 1 . Zone Layout 2 | . 2 . Fabricator Hacks . | . . . Repair Station Hacks 2 | . 2 . Scan Component 1 | . 1 . Repair 1 | . 1 . Recycling Unit Hacks 3 | . 3 . Report Inventory 1 | . 1 . Retrieve Components 2 | . 2 . Scanalyzer . | . . . Garrison Access Hacks . | . . . Unauthorized Hacks 4 | . 4 . Terminals . | . . . Fabricators . | . . . Repair Stations . | . . . Recycling Units 4 | . 4 . Monitor 1 | . 1 . Reject 1 | . 1 . Recyclers 1 | . 1 . Mask 1 | . 1 . Scanalyzers . | . . . Garrison Access . | . . . Data Cores Recovered . | . . . Used . | . . . Hacking Detections 6 | . 6 . Full Trace Events . | . . . Feedback Events . | . . . Feedback Blocked . | . . . Robot Schematics Acquired . | . . . Robots Built . | . . . Authchips . | . . . Time . | . . . Total Robot Build Rating . | . . . Part Schematics Acquired . | . . . Parts Built . | . . . Authchips . | . . . Time . | . . . Total Part Build Rating . | . . . Parts Repaired 1 | . 1 . Time 26 | . 26 . Parts Recycled . | . . . Recycled Matter . | . . . Retrieved Matter . | . . . Retrieved Components 3 | . 3 . Parts Scanalyzed . | . . . Part Schematics Acquired . | . . . Parts Damaged . | . . . Bothacking | -11 -10 -10 ------------ Run | Jun Mat Min Used RIF Installer . | . . . Robots Hacked . | . . . Non-combat . | . . . Combat . | . . . Robot Hacks Applied . | . . . Relay Couplers Released . | . . . Fabnet Peak Effective % . | . . . Robots Rewired . | . . . Allies Hacked . | . . . Hacks Repelled . | . . . Allies | -11 -10 -10 -------- Run | Jun Mat Min Total Allies . | . . . Largest Group . | . . . Highest-Rated Group . | . . . Highest-Rated Ally . | . . . Total Orders . | . . . Ally Attacks . | . . . Total Damage . | . . . Kills . | . . . Allies Corrupted . | . . . Allies Melted . | . . . Intel | -11 -10 -10 ------- Run | Jun Mat Min Robot Analysis Total . | . . . Derelict Logs Recovered . | . . . Drone Launches . | . . . Drone Recoveries . | . . . Exploration | -11 -10 -10 ------------- Run | Jun Mat Min Turns Passed 628 | 72 531 25 Spaces Moved 485 | 38 429 18 Core . | . . . Treads . | . . . Legs . | . . . Wheels 485 | 38 429 18 Hover . | . . . Flight . | . . . Fastest Speed 80 | 80 80 80 Average Speed 81 | 86 80 80 Slowest Speed 95 | 90 95 80 Overloaded Moves . | . . . Propulsion Burnouts . | . . . Robots Hopped . | . . . Cave-ins Triggered . | . . . Exploration Rate (%) 30 | 3 80 7 Regions Visited 2 Branch Regions 1 Pre-discovered Areas . | . . . Known Exits Taken 1 | . 1 . Unknown Exits Taken 1 | 1 . . Scrap Searched . | . . . Spaces Dug . | . . . Terrain Destroyed 28 | . 14 14 Melee . | . . . Projectile . | . . . AOE 28 | . 14 14 Terrain Rammed . | . . . Walls Destroyed . | . . . Machines Disabled . | . . . Actions | -11 -10 -10 --------- Run | Jun Mat Min Total 618 | 59 534 25 Wait 30 | . 30 . Move 483 | 37 428 18 Hop . | . . . Pick Up 16 | 3 13 . Fast Attach 5 | 1 4 . Attach 3 | . . 3 Detach . | . . . Swap 12 | 3 7 2 Drop 13 | 5 8 . Fire 14 | 10 2 2 Melee 42 | . 42 . Ram . | . . . Kick . | . . . Crush . | . . . Escape Stasis . | . . . Rewire . | . . . Trap . | . . . Miscellaneous . | . . . Route ------- -11/Junkyard -10/Materials (discovered 3 exits: [*Mat] / *Min x2) -10/Mines History --------- Turn | Location | Event 9 | -11/Junkyard | Discovered new exit (range 3) 73 | -11/Junkyard | Entered Materials 232 | -10/Materials | Repaired Lgt. Ion Engine 305 | -10/Materials | Discovered new exit (range 16) 310 | -10/Materials | Build established: Mutant 404 | -10/Materials | Discovered new exit (range 12) 413 | -10/Materials | Identified exit to Mines 604 | -10/Materials | Entered Mines 605 | -10/Mines | Assembled infested the area 617 | -10/Mines | Met 8R-AWN 620 | -10/Mines | Core integrity fell below 50% 628 | -10/Mines | Core integrity fell below 20% 629 | -10/Mines | Destroyed by D-53 Grenadier with Mini Grenade Launcher Last Messages --------------- 00617_ Wheel destroyed. 00618_ Ion Engine destroyed. 00619_ as-24827 destroyed. 00619_ as-33902 destroyed. 00619_ as-49413 destroyed. 00620_ Wheel destroyed. 00621_ as-30606 destroyed. 00621_ as-60134 destroyed. 00621_ as-53937 destroyed. 00622_ as-17571 powers down. 00622_ as-07793 powers down. 00622_ as-37370 powers down. 00624_ HV Slug penetrates Wall. 00624_ HV Slug penetrates as-37370. 00626_ C-30 ARC bursts open, deploying its payload. 00626_ D-53 Grenadier unfolds itself. 00627_ HV Slug penetrates as-07793. 00627_ as-07793 destroyed. 00627_ HV Slug penetrates Wall. 00627_ HV Slug penetrates as-37370. Map ----- +----------------------------------------------------+ | | | | | | | | | | | | | | | | | | | | | | | | | | | | | | | | | | | | | ?????????????????????????????????????????? | | ?????????????????????????????????????????? | | ????????????????????????###??????????????? | | ?????????????######????# ##?????????????? | | ???????????### # ##??# " ####??????????? | | ??????????## ### % #????????? | | ??????????# # %a #????????? | | ???????????# @ a #???????????????? | | ???????????# ##???????????????? | | ???????????# ##;#????????????????? | | ???????????# ##???????????????????? | | ???????????# d#????????????????????? | | ???????????## # d#????????????????????? | | ????????????## ## #????????????????????? | | ?????????#### # #????????????????????? | | ????????## ! ! #????????????????????? | | ???????## #####????????????????????? | | ???????# = ##????????????????????????? | | ?????### ##?????????????????????????? | | ??# #??????????????????????????? | | ??######## / ##??????????????????????????? | | ?????????#####???????????????????????????? | | ?????????????????????????????????????????? | | ?????????????????????????????????????????? | | ?????????????????????????????????????????? | | ?????????????????????????????????????????? | | ?????????????????????????????????????????? | | ?????????????????????????????????????????? | | ?????????????????????????????????????????? | | ?????????????????????????????????????????? | | ?????????????????????????????????????????? | | ?????????????????????????????????????????? | +----------------------------------------------------+ Best States ------------- Heat Dissipation 25 Energy Generation 10 Energy Capacity 250 Matter Stores 300 Matter Capacity 300 Sight Range 16 Terrain Scan Density 10 Evasion (%) 44 Item Schematics ----------------- None Robot Schematics ------------------ None Fabricated ------------ Nothing Alien Tech Used ----------------- None Achievements -------------- None Challenges ------------ None Game ------ Seed CargoCooledLauncher Manual? 0 Play Time 00:08:28 Cumulative 153.2 hours Start 2023.03.03 @ 19:00:19 End 2023.03.04 @ 17:09:14 Sessions 3 Manual Loads 0 Difficulty Rogue Special Mode None Game No. 143 Rogue 143 Adventurer 0 Explorer 0 Win Type - Total 5 Types 3/0/1/1/0/0/0/0/0 Lore% 77 Gallery% 62 Achievement% 55 Wizard Run 0 Options --------- ASCII 0 Keyboard 0 Movement Numpad Keybinds 0 Fullscreen 2 Font 18/Smallcaps Map View 76x50 Tactical HUD 1 Map Filters NONE Filters NONE Steam 1 RUN: 1f8748b5-2387-4ab9-8704-b7b7437fc835